 Dungeon Crawl Stone Soup version 0.13-a0-2682-gb26bf1a (console) character file.

2045 5ubbak the Ducker (level 8, -1/57 HPs)
             Began as a Demonspawn Warper on Aug 13, 2013.
             Was an Initiate of Okawaru.
             Slain by an ogre
             ... wielding a +0,+0 great mace
              (24 damage)
             ... on Level 7 of the Dungeon.
             The game lasted 00:31:33 (7986 turns).

5ubbak the Ducker (Demonspawn Warper)               Turns: 7986, Time: 00:31:33

HP  -1/57        AC 11     Str 13      XL: 8   Next: 67%
MP  11/13        EV 15     Int 20      God: Okawaru [......]
Gold 398         SH  4     Dex 12      Spells:  4 memorised,  3 levels left

Res.Fire  : . . .   See Invis. : .   a - +2 trident
Res.Cold  : . . .   Warding    : .   B - +2 robe of Ekliwulu {+Inv Int+3}
Life Prot.: . . .   Conserve   : .   (no shield)
Res.Poison: .       Res.Corr.  : .   (no helmet)
Res.Elec. : .       Clarity    : .   h - +2 cloak
Sust.Abil.: . .     Spirit.Shd : .   C - +0 pair of gloves
Res.Mut.  : .       Stasis     : .   (no boots)
Res.Rott. : .       Flight     : .   H - amulet of the gourmand
Gourmand  : +                        (no ring)
                                     K - +1 ring of strength

@: slightly resistant to hostile enchantments, fairly stealthy
A: powered by death 2, spiny 1, AC +3, SH +4
a: Renounce Religion, Evoke Invisibility


You were on level 7 of the Dungeon.
You worshipped Okawaru.
Okawaru was pleased with you.
You were full.

You visited 2 branches of the dungeon, and saw 8 of its levels.

You collected 348 gold pieces.

Inventory:

Hand weapons
 a - a +2,+2 trident (weapon)
Missiles
 e - 15 darts (quivered)
 f - 10 darts of dispersal
Armour
 b - a +0 leather armour
 h - a +2 cloak (worn)
 B - the cursed +2 robe of Ekliwulu (worn) {+Inv Int+3}
   (You found it on level 4 of the Dungeon)

   It affects your intelligence (+3).
   It lets you turn invisible.
   It has a curse placed upon it.
 C - a +0 pair of gloves (worn)
Magical devices
 E - a wand of random effects (11)
 J - a wand of digging (5)
 N - a wand of slowing (11)
 P - a wand of teleportation (7) {unknown}
Comestibles
 g - 4 bread rations
 s - a rambutan
 w - 5 meat rations
 I - a choko
Scrolls
 d - 3 scrolls of blinking
 i - 6 scrolls of identify
 j - 3 scrolls of recharging {unknown}
 k - 3 scrolls of fear
 m - 3 scrolls of amnesia
 n - 4 scrolls of teleportation
 q - 9 scrolls of remove curse
 r - a scroll of curse weapon {unknown}
 t - a scroll of enchant armour {unknown}
 u - 2 scrolls of fog {unknown}
 v - 3 scrolls of enchant weapon II {unknown}
 L - a scroll of vulnerability {unknown}
 M - a scroll of curse armour {unknown}
 O - 2 scrolls of immolation {unknown}
Jewellery
 o - an uncursed amulet of rage
 y - an uncursed amulet of resist mutation
 F - an uncursed amulet of clarity
 H - an amulet of the gourmand (around neck)
 K - a +1 ring of strength (left hand)
Potions
 l - 2 potions of restore abilities
 p - a potion of magic {unknown}
 x - 2 potions of curing
 z - 2 potions of confusion {unknown}
 A - a potion of berserk rage {unknown}
 D - 2 potions of paralysis {unknown}
 G - a potion of slowing {unknown}
Books
 c - a book of Spatial Translocations

   Spells                             Type                      Level
   *Apportation                       Translocation                1
   Portal Projectile                  Translocation                2
   *Blink                             Translocation                2
   *Shroud of Golubria                Charms/Translocation         2
   Teleport Other                     Translocation                3
   *Passage of Golubria               Translocation                4


   Skills:
 + Level 3.2 Fighting
 + Level 4.2 Polearms
 - Level 1.0 Throwing
 + Level 1.6 Armour
 * Level 7.2 Dodging
 + Level 2.0 Stealth
 + Level 2.9 Spellcasting
 * Level 5.0 Translocations
 + Level 1.0 Evocations


You had 3 spell levels left.
You knew the following spells:

 Your Spells              Type           Power        Failure   Level  Hunger
a - Apportation           Tloc           ###.......   1%          1    None
b - Blink                 Tloc           N/A          2%          2    ##.....
c - Shroud of Golubria    Chrm/Tloc      ##........   10%         2    ##.....
d - Passage of Golubria   Tloc           N/A          21%         4    ####...


Dungeon Overview and Level Annotations

Branches:
Dungeon (7/27)             Temple (1/1) D:6
    Orc: D:6-11

Altars:
Ashenzari
Cheibriados
Elyvilon
Fedhas
Kikubaaqudgha
Makhleb
Nemelex Xobeh
Okawaru
Sif Muna
Vehumet
Xom
Yredelemnul
Zin
the Shining One


Innate Abilities, Weirdness & Mutations

You are mostly covered in large bone plates (AC +3, SH +4).
You can steal the life force of defeated enemies.
You are partially covered in sharp spines.


Message History

A bat comes into view.
There is a passage of Golubria here.
Your passage of Golubria closes with a snap!
Things that are here:
an orcish dagger; an orcish robe
Things that are here:
an orcish trident; a runed orcish hand axe; a runed orcish hand axe You see here an elven scale mail.
You see here an elven scale mail.
Casting: Passage of Golubria
Confirm with . or Enter, or press ? or * to list all spells.
Space distorts slightly along a thin shroud covering your body.
You hit the ogre.
The ogre is moderately wounded.
The ogre is struck by your spines. The ogre hits you with a great mace!
Your shroud falls apart!
You hit the ogre.
The ogre is heavily wounded.
The ogre hits you with a great mace!
You die...

.#####.#.#######.#
..#####.#.........#
#......#...#####.##
##.#### ##.##
###.#######...# .
######.....).......#
..###..........).###...#
.............###)# #####
..##..####.### #@# #..#
#I# #O# #..# #.# #I#
####..####.# #.#
........I..# #.#
####.I###### #.# ##.#
#.# #.##########.#
#...J...I..J.#


You could see an ice beast, an ogre and an ooze.

Vanquished Creatures
  A necrophage (D:5)
  A black bear (D:6)
  A phantom (D:5)
  3 centaurs
  An ice beast (D:6)
  2 ogres (D:4)
  A giant frog (D:6)
  A crimson imp (D:6)
  A centaur zombie (D:5)
  An orc priest (D:7)
  An orc wizard (D:7)
  A big fish (D:7)
  4 iguanas
  3 hounds
  2 scorpions
  3 worker ants (D:5)
  An ogre skeleton (D:7)
  6 adders
  A giant mite (D:3)
  2 worms (D:5)
  An iguana skeleton (D:4)
  A giant eyeball (D:5)
  7 orcs
  A bat zombie (D:7)
  3 giant cockroaches
  17 goblins
  9 hobgoblins
  8 jackals
  10 kobolds
  2 quokkas
  A ball python (D:3)
  16 bats
  6 giant geckos
  5 giant newts
  A goblin skeleton (D:5)
  An orc skeleton (D:5)
  2 quokka skeletons (D:4)
  12 rats
  2 ballistomycetes (D:6)
  4 plants (D:1)
146 creatures vanquished.

Vanquished Creatures (others)
  A giant spore (D:6)
  A plant (D:4)
2 creatures vanquished.

Grand Total: 148 creatures vanquished

Notes
Turn   | Place    | Note
--------------------------------------------------------------
     0 | D:1      | 5ubbak, the Demonspawn Warper, began the quest for the Orb.
     0 | D:1      | Reached XP level 1. HP: 15/15 MP: 1/1
    14 | D:1      | Reached skill level 1 in Armour
   459 | D:1      | Reached skill level 3 in Translocations
   485 | D:1      | Gained mutation: You can steal the life force of nearby defeated enemies. [demonic ancestry]
   485 | D:1      | Reached XP level 2. HP: 21/21 MP: 3/3
   555 | D:1      | Learned a level 2 spell: Blink
   733 | D:1      | Reached skill level 1 in Throwing
  1427 | D:2      | Gained mutation: You are partially covered in large bone plates (AC +2, SH +2). [demonic ancestry]
  1427 | D:2      | Reached XP level 3. HP: 19/26 MP: 4/4
  3000 | D:3      | Learned a level 2 spell: Shroud of Golubria
  3009 | D:3      | Found a glowing golden altar of the Shining One.
  3182 | D:3      | Gained mutation: You are partially covered in sharp spines. [demonic ancestry]
  3182 | D:3      | Reached XP level 4. HP: 31/33 MP: 6/6
  3494 | D:3      | Found a radiant altar of Vehumet.
  3863 | D:4      | Got an ancient robe
  3871 | D:4      | Identified the cursed +2 robe of Ekliwulu {+Inv Int+3} (You found it on level 4 of the Dungeon)
  3915 | D:4      | Gained mutation: You can steal the life force of defeated enemies. [demonic ancestry]
  3915 | D:4      | Reached XP level 5. HP: 16/38 MP: 7/7
  4364 | D:4      | Learned a level 4 spell: Passage of Golubria
  4462 | D:4      | Found a burning altar of Makhleb.
  4863 | D:5      | Entered Level 5 of the Dungeon
  4910 | D:5      | Paralysed by a giant eyeball for 2 turns
  4914 | D:5      | Paralysed by a giant eyeball for 2 turns
  4921 | D:5      | Paralysed by a giant eyeball for 4 turns
  5023 | D:5      | Noticed a centaur
  5039 | D:5      | Killed a centaur
  5039 | D:5      | Reached skill level 4 in Dodging
  5039 | D:5      | Reached XP level 6. HP: 44/44 MP: 7/9
  5467 | D:4      | Noticed an ogre
  5476 | D:4      | Killed an ogre
  5476 | D:4      | Reached skill level 1 in Stealth
  5559 | D:5      | Gained mutation: You are mostly covered in large bone plates (AC +3, SH +4). [demonic ancestry]
  5559 | D:5      | Reached XP level 7. HP: 50/50 MP: 11/11
  5732 | D:5      | Reached skill level 5 in Dodging
  5934 | D:5      | Noticed a phantom
  5966 | D:5      | Killed a phantom
  5977 | D:5      | Noticed a necrophage
  6284 | D:5      | Killed a necrophage
  6645 | D:6      | Reached skill level 6 in Dodging
  6645 | D:6      | Reached XP level 8. HP: 56/56 MP: 13/13
  6825 | D:6      | Found a blossoming altar of Fedhas.
  6878 | D:6      | Found a staircase to the Ecumenical Temple.
  6888 | Temple   | Entered the Ecumenical Temple
  7130 | Temple   | Became a worshipper of Warmaster Okawaru
  7272 | D:6      | Reached skill level 1 in Evocations
  7401 | D:6      | Found a sparkling altar of Nemelex Xobeh.
  7401 | D:6      | Found an ancient bone altar of Kikubaaqudgha.
  7722 | D:7      | Reached skill level 7 in Dodging
  7768 | D:7      | Reached skill level 5 in Translocations
  7986 | D:7      | Slain by an ogre

Action                   |  1- 3 |  4- 6 |  7- 9 || total
-------------------------+-------+-------+-------++-------
Melee: Spear             |   753 |   227 |       ||   980
       Trident           |       |    11 |   199 ||   210
 Cast: Shroud of Golubri |       |     1 |     4 ||     5
       Blink             |       |       |     2 ||     2
       Passage of Golubr |       |       |     2 ||     2
Evoke: Wand              |       |       |     3 ||     3
  Use: Scroll            |     5 |     1 |       ||     6
       Potion            |       |     2 |       ||     2
 Stab: Confused          |       |       |     1 ||     1
